AoeStats
← [RxS]_CloOud_

Arabia

509586611Analyzed
1v1 RM · 5d ago on Sep 27, 2026· 62m 9s· 2 players
Game mode
Random Map
Map size
Tiny (2 player)
Population
200
Speed
Normal
Resources
Standard
Victory
Conquest
Starting age
Dark Age
Ending age
Imperial Age
RankedLock teamsTeams togetherTeam positionsShared explorationLock speedFull tech treeHidden civsTurbo modeCheats
Victory
Defeat
🇲🇽 Italians · Mexico
1430
+20
🇫🇷 Saxons · France
1522
-20
jo8313
5:45 Loom
8:05 Feudal Age
8:31 Double-Bit Axe
12:46 Fletching
16:09 Padded Archer Armor
20:58 Castle Age
21:47 Bodkin Arrow
21:18 Crossbowman
28:24 Leather Archer Armor
29:58 Ballistics
40:08 Town Watch
50:30 Wheelbarrow
52:53 Hand Cart
53:00 Masonry
53:23 Bow Saw
52:57 Horse Collar
54:34 Murder Holes
55:44 Scale Mail Armor
55:54 Forging
57:39 Chain Mail Armor
57:59 Iron Casting
60:31 Gold Mining
[RxS]_CloOud_
7:30 Loom
9:47 Feudal Age
10:27 Double-Bit Axe
13:28 Fletching
15:00 Town Watch
25:53 Castle Age
25:58 Crossbowman
27:47 Bodkin Arrow
30:36 Ballistics
30:49 Padded Archer Armor
32:17 Leather Archer Armor
33:55 Bow Saw
33:27 Horse Collar
33:39 Gold Mining
38:21 Elite Skirmisher
44:14 Wheelbarrow
45:29 Hand Cart
49:16 Imperial Age
51:09 Chemistry
51:43 Bloodlines
51:51 Bracer
51:44 Heated Shot
51:17 Arbalester
52:43 Thumb Ring
53:48 Two-Man Saw
53:24 Capped Ram
55:54 Ring Archer Armor
57:22 Town Patrol
57:45 Heavy Plow
57:06 Cavalier
57:47 Husbandry
57:53 Scale Barding Armor
58:01 Forging
59:47 Chain Barding Armor
60:51 Iron Casting
62:00 Plate Barding Armor
60:47 Light Cavalry
Connection lost

Rejoining the realm…

Still unreachable

The connection could not be restored.

Session expired

The server has moved on; the page needs a fresh start.